[Event "Early-Titled-Tuesday-Blitz-April-16-2024"]
[Site "Chess.com"]
[Date "2024.04.16"]
[Round "2"]
[White "Bulatova_Kamaliya"]
[Black "shirovin"]
[Result "1-0"]
[WhiteElo "2448"]
[BlackElo "2056"]
[TimeControl "180+1"]
[EndTime "8:17:03 PDT"]
[Termination "Bulatova_Kamaliya won on time"]

1. e4 Nf6 2. Nc3 d5 3. exd5 Nxd5 4. d4 Nxc3 5. bxc3 g6 6. Bc4 Bg7 7. h3 O-O 8. Nf3 c5 9. O-O Nc6 10. Be3 Qa5 11. Qe1 Rd8 12. Ng5 e6 13. Bd2 Qa3 14. d5 exd5 15. Bxd5 Ne5 16. c4 h6 17. Ne4 Bf5 18. Rb1 Nc6 19. Rxb7 Rac8 20. Rxf7 Kh7 21. g4 Bxe4 22. Qxe4 Ne5 23. Qxe5 Rg8 24. Qe6 1-0

[Event "Early-Titled-Tuesday-Blitz-April-16-2024"]
[Site "Chess.com"]
[Date "2024.04.16"]
[Round "2"]
[White "Oleksandr_Bortnyk"]
[Black "ChessRespected"]
[Result "1-0"]
[WhiteElo "3036"]
[BlackElo "2624"]
[TimeControl "180+1"]
[EndTime "8:17:04 PDT"]
[Termination "Oleksandr_Bortnyk won on time"]

1. e4 e5 2. Nf3 Nc6 3. Bb5 a6 4.
Ba4 b5 5. Bb3 Nf6 6. Nc3 Bc5 7.
d4 Nxd4 8. Bg5 Nxb3 9. axb3 h6 10. Bxf6 Qxf6 11. Qd5 Qc6 12. Qxe5+ Kf8 13. O-O d6 14. Qf4 Qe8 15. b4 Ba7 16. e5 dxe5 17. Nxe5 Kg8 18.
Rfe1 Be6 19. Qf3 Kh7 20. Ne4 Rf8 21. Nc5 Bxc5 22. bxc5 Qe7 23. b4 Qh4 24. c3 Kg8 25. h3 Rfe8 26. Qc6 Qg5 27. Nf3 Qf6 28. Re3 Rad8 29.
Nd4 Qg5 30. Rae1 Bd5 31. Rxe8+ Kh7 32. Nf3 Rxe8 33. Nxg5+ 1-0

[Event "Early-Titled-Tuesday-Blitz-April-16-2024"]
[Site "Chess.com"]
[Date "2024.04.16"]
[Round "2"]
[White "RantomOpening"]
[Black "alturas_pacificas"]
[Result "1-0"]
[WhiteElo "2517"]
[BlackElo "2287"]
[TimeControl "180+1"]
[EndTime "8:17:04 PDT"]
[Termination "RantomOpening won by resignation"]

1. d4 d5 2. c4 c6 3. Nc3 Nf6 4. cxd5 cxd5 5. Bf4 e6 6. e3 Bd6 7. Bxd6 Qxd6 8. Nf3 a6 9. Ne5 O-O 10. f4 b5 11. Bd3 Bb7 12. O-O Ne4 13. Qf3 f5 14. Bxe4 dxe4 15. Qh3 Nd7 16. g4 g6 17. gxf5 exf5 18.
Kh1 Nxe5 19. fxe5 Qe6 20. Qh6 Rf7 21. h4 Re8 22. Kh2 b4 23. Ne2 Qe7 24. Nf4 Qf8 25. Qxf8+ Kxf8 26. Rac1 Rc8 27. Rxc8+ Bxc8 28. Rc1 Bb7 29.
e6 Re7 30. d5 Bxd5 31. Rc8+ Kg7 32. Nxd5 Rxe6 33. Kg3 Rd6 34. Nxb4 Rd2 35. Rc2 Rd1 36. Nxa6 Kh6 37. Nc5 Kh5 38. a4 Ra1 39. b4 Ra3 40. Re2 h6 41. Ne6 g5 42. hxg5 hxg5 43. b5 f4+ 44.
Kf2 f3 45. Rb2 g4 46. Kg3 Rxa4 47. b6 Ra1 48. Rb5+ Kg6 49. b7 Rg1+ 50. Kf2 Rg2+ 51. Kf1 1-0

[Event "Early-Titled-Tuesday-Blitz-April-16-2024"]
[Site "Chess.com"]
[Date "2024.04.16"]
[Round "2"]
[White "stasOR4ik"]
[Black "Daaksboy"]
[Result "0-1"]
[WhiteElo "2428"]
[BlackElo "2114"]
[TimeControl "180+1"]
[EndTime "8:17:04 PDT"]
[Termination "Daaksboy won by resignation"]

1. e4 c5 2. c3 e5 3. Nf3 Nc6 4. d4 cxd4 5. cxd4 exd4 6. Nxd4 Bb4+ 7. Nc3 Qe7 8. Bd2 Nxd4 9. Bd3 Nf6 10. O-O O-O 11. e5 Qxe5 12. Re1 Qd6 13. a3 Bxc3 14. Bxc3 Kh8 15. Bxh7 Kxh7 16. Bxd4 b6 17. Re3 Bb7 18. Rh3+ Kg8 19. Bxf6 Qxf6 20. Qh5 Qh6 21. Qg4 Qg6 22. Qxg6 fxg6 23. Rd1 d5 24. Rg3 Rf6 25. f3 Rc8 26.
Rd2 Re6 27. Kf2 Rc1 28. Rg4 Kf7 29. Rf4+ Ke7 30. Ra4 a5 31. b4 Bc6 32. b5 Bxb5 33.
Rh4 Rf1+ 34. Kg3 Ra1 35. Rxd5 Bc6 36. Rd3 b5 37. Rhd4 Ra2 38. h4 Ree2 39. Rd6 Rxg2+ 40. Kf4 Rac2 41. Ke5 Rc5+ 42. Kf4 Rf5+ 43. Ke3 Rxf3+ 44.
Kd4 Rxd3+ 45. Kxd3 Kxd6 0-1

[Event "Early-Titled-Tuesday-Blitz-April-16-2024"]
[Site "Chess.com"]
[Date "2024.04.16"]
[Round "2"]
[White "lrjchess"]
[Black "Harry_Rakkel"]
[Result "0-1"]
[WhiteElo "2481"]
[BlackElo "2740"]
[TimeControl "180+1"]
[EndTime "8:17:05 PDT"]
[Termination "Harry_Rakkel won by resignation"]

1. d4 Nf6 2. Nc3 d5 3. Bg5 Nbd7 4. e4 dxe4 5. f3 exf3 6. Nxf3 e6 7. Bd3 Be7 8. O-O c5 9. Kh1 cxd4 10. Nxd4 Nc5 11. Bb5+ Bd7 12. b4 Nce4 13. Nxe4 Nxe4 14. Bxe7 Qxe7 15. Qf3 f5 16. Bd3 Nd6 17. Qh5+ g6 18.
Qh6 e5 19. Rae1 O-O-O 20. Nb3 e4 21. Nc5 Kb8 22. Qf4 Ka8 23. a4 b6 24. Na6 Bc8 25. Bb5 Bb7 26. c4 Nxb5 27. axb5 Qd6 28.
Qxd6 Rxd6 29. c5 Rd4 30. Rd1 Rhd8 31. Rxd4 Rxd4 32. Nc7+ Kb8 33. Ne6 Rxb4 34. c6 Bc8 35. Nf8 Rxb5 36. h4 Rc5 37. Nxh7 Rxc6 38. Nf8 a5 39.
Kh2 a4 40. Kg3 Kc7 41. Ra1 b5 42. h5 gxh5 43. Kf4 Kb6 44. Nh7 Ka5 45. Ng5 b4 46. g4 hxg4 0-1

[Event "Early-Titled-Tuesday-Blitz-April-16-2024"]
[Site "Chess.com"]
[Date "2024.04.16"]
[Round "2"]
[White "VinzentSpitzl"]
[Black "MarcoRiehle"]
[Result "0-1"]
[WhiteElo "2441"]
[BlackElo "2720"]
[TimeControl "180+1"]
[EndTime "8:17:05 PDT"]
[Termination "MarcoRiehle won by resignation"]

1. d4 d5 2. Nf3 e6 3. c4 Nf6 4.
Nc3 c5 5. cxd5 Nxd5 6. dxc5 Nxc3 7. Qxd8+ Kxd8 8. bxc3 Bxc5 9. g3 b6 10. Bg2 Bb7 11.
O-O Ke7 12. a4 Nd7 13. a5 bxa5 14. Rxa5 Rhc8 15. Ba3 Bxa3 16. Rxa3 a6 17. Rfa1 Nc5 18.
Nd4 Bxg2 19. Kxg2 Rab8 20. Nc2 Rb2 21. R1a2 Rxa2 22. Rxa2 Ne4 23. Rxa6 Nxc3 24. Ra7+ Kf6 25. Nd4 g5 26. e3 Ne4 27. h3 Rb8 28. Ra2 h5 29. g4 h4 30. f4 Kg6 31. fxg5 Nxg5 32. Nf3 Nxf3 33. Kxf3 Rb5 34. Ra8 Kg7 35. Ra4 Rb2 36.
g5 Kg6 37. Rxh4 Kxg5 38. Rg4+ Kf6 39. Rf4+ Kg6 40. Rg4+ Kf6 41. Rf4+ Ke7 42. h4 e5 43. Ra4 Ke6 44. e4 Rb1 45. Ra6+ Ke7 46. Ra5 Kf6 47.
Ra6+ Kg7 48. Ra5 f6 49. Kg4 Rf1 50. Kg3 Kg6 51. Ra8 Rf4 52. Rg8+ Kh5 53. Rh8+ Kg6 54.
Rg8+ Kh6 55. Rg4 Rf1 56. Kh3 Kh5 57. Rg8 Rf3+ 58. Kg2 Rf4 59. Rf8 Kxh4 60. Kh2 Kg5 61.
Rg8+ Kh6 0-1

[Event "Early-Titled-Tuesday-Blitz-April-16-2024"]
[Site "Chess.com"]
[Date "2024.04.16"]
[Round "2"]
[White "RTFrancisco"]
[Black "LuisFSiles"]
[Result "1-0"]
[WhiteElo "2631"]
[BlackElo "2370"]
[TimeControl "180+1"]
[EndTime "8:17:05 PDT"]
[Termination "RTFrancisco won on time"]

1. e4 c5 2. Nf3 Nc6 3. Bb5 g6 4. O-O Bg7 5. Re1 Nf6 6. c3 O-O 7. d4 d5 8. e5 Ne4 9. Nbd2 Bf5 10. Nxe4 Bxe4 11. Be3 Bxf3 12. Qxf3 cxd4 13. cxd4 Rc8 14.
Rec1 Nb4 15. a3 Nc2 16. Rab1 a6 17. Bd3 Nxe3 18. Qxe3 Qd7 19. b3 Rxc1+ 20. Rxc1 Rc8 21. h3 Rc6 22. Rc5 Rxc5 23. dxc5 e6 24. f4 Qc6 25. Qd4 a5 26. b4 axb4 27. axb4 Qa4 28. Kh2 Qd1 29. Qc3 Bh6 30. g3 g5 31. fxg5 Bxg5 32.
Qc2 Qxc2+ 33. Bxc2 1-0

[Event "Early-Titled-Tuesday-Blitz-April-16-2024"]
[Site "Chess.com"]
[Date "2024.04.16"]
[Round "2"]
[White "FaustinoOro"]
[Black "kachsona"]
[Result "1-0"]
[WhiteElo "2957"]
[BlackElo "2608"]
[TimeControl "180+1"]
[EndTime "8:17:07 PDT"]
[Termination "FaustinoOro won on time"]

1. Nf3 d5 2. d4 Nf6 3. c4 e6 4. Nc3 Be7 5. Bf4 O-O 6. e3 Nbd7 7. h3 c6 8. cxd5 exd5 9. Bd3 Re8 10. O-O Nf8 11. Qc2 Ng6 12. Bh2 Bd6 13. Bxd6 Qxd6 14. Rab1 Qe7 15. b4 Ne4 16. Ne2 f5 17.
b5 Bd7 18. bxc6 bxc6 19. Nf4 Nh4 20. Ne5 Be6 21. f3 Ng3 22. Rfc1 Rac8 23. Qf2 Qg5 24. Rxc6 Rxc6 25. Nxc6 Bd7 26. Ne5 Ba4 27. Nxd5 h6 28. Bc4 Kh7 29. Nf7 Qg6 30. Nf4 Qc6 31. Qxg3 Qxc4 32.
Ne5 Qc2 33. Rb7 1-0

[Event "Early-Titled-Tuesday-Blitz-April-16-2024"]
[Site "Chess.com"]
[Date "2024.04.16"]
[Round "2"]
[White "PolandHussars"]
[Black "platy3"]
[Result "0-1"]
[WhiteElo "2598"]
[BlackElo "2910"]
[TimeControl "180+1"]
[EndTime "8:17:07 PDT"]
[Termination "platy3 won by checkmate"]

1. e4 c5 2. Ne2 Nc6 3. g3 d5 4.
Bg2 Nf6 5. exd5 Nxd5 6. Nbc3 Nc7 7. O-O e5 8. d3 Be7 9. h3 O-O 10. f4 exf4 11. Bxf4 Be6 12. Kh2 Nd5 13. Qd2 Qd7 14.
Rae1 Rfe8 15. Nxd5 Bxd5 16. Bxd5 Qxd5 17. Nc3 Qd7 18. Qf2 b6 19. Ne4 f5 20. Nc3 Bf6 21.
Qg2 Rad8 22. Bc1 Nd4 23. Rxe8+ Rxe8 24. Rf2 Rd8 25. Be3 b5 26. Bxd4 Bxd4 27. Re2 b4 28. Nd1 Qc7 29. Qf3 g6 30. c3 Bf6 31. Qe3 Qd6 32.
Nf2 bxc3 33. bxc3 Bxc3 34. Qe7 Bd4 35. Qxa7 c4 36. Qa4 c3 37. Nd1 f4 38. Nxc3 f3 39. Re8+ Rxe8 40. Qxe8+ Kg7 41. Ne4 Qb4 42. Qd7+ Kh6 43. g4 Be5+ 44. Ng3 Qd2+ 45. Kg1 Qg2# 0-1

[Event "Early-Titled-Tuesday-Blitz-April-16-2024"]
[Site "Chess.com"]
[Date "2024.04.16"]
[Round "2"]
[White "UNSTOPPABLE_LEGEND"]
[Black "AlainBruxelles"]
[Result "1-0"]
[WhiteElo "2562"]
[BlackElo "2346"]
[TimeControl "180+1"]
[EndTime "8:17:07 PDT"]
[Termination "UNSTOPPABLE_LEGEND won on time"]

1. d4 d5 2. Bf4 e6 3. e3 Bd6 4.
Bg3 c5 5. Nf3 Bxg3 6. hxg3 Qb6 7.
Nc3 cxd4 8. exd4 a6 9. Rb1 Nc6 10. Bd3 Nf6 11. Ne2 Bd7 12. c3 Qa5 13. a3 b5 14. Nf4 Qc7 15. Qe2 O-O 16. Ne5 h6 17. g4 Nxe5 18. dxe5 Nh7 19. Nh5 f5 20. gxf5 exf5 21.
f4 Qb6 22. Qf3 Bc6 23. Qg3 Qb7 24. Qg6 Be8 25. Qd6 Bxh5 26. Rxh5 Rad8 27. Qe6+ Qf7 28.
Bxf5 Rde8 29. Qxf7+ Rxf7 30. Bg6 1-0

[Event "Early-Titled-Tuesday-Blitz-April-16-2024"]
[Site "Chess.com"]
[Date "2024.04.16"]
[Round "2"]
[White "maurovargas01"]
[Black "FeketeBarika"]
[Result "1-0"]
[WhiteElo "1903"]
[BlackElo "2391"]
[TimeControl "180+1"]
[EndTime "8:17:07 PDT"]
[Termination "maurovargas01 won on time"]

1. e4 e6 2. Nc3 d5 3. d3 d4 4.
Nce2 c5 5. f4 Nc6 6. Nf3 Bd6 7.
g3 Nge7 8. Bg2 e5 9. fxe5 Nxe5 10. O-O Bg4 11. Ng5 f6 12. h3 fxg5 13. hxg4 N7g6 14.
Rf5 h6 15. Qf1 Qe7 16. Bh3 O-O-O 17. Bd2 Rdf8 18. a3 Kb8 19. Rb1 Qc7 20. b4 Ne7 21.
Rxf8+ Rxf8 22. Qxf8+ Nc8 23. Qe8 cxb4 24. Bxb4 Bxb4 25.
Rxb4 Nc6 26. Rc4 Qb6 27. Nxd4 a5 28. Kh2 Nxd4 29. Qxc8+ Ka7 30. Qc5 Nf3+ 31. Kh1 1-0

[Event "Early-Titled-Tuesday-Blitz-April-16-2024"]
[Site "Chess.com"]
[Date "2024.04.16"]
[Round "2"]
[White "arenal72"]
[Black "Zohid6"]
[Result "0-1"]
[WhiteElo "2609"]
[BlackElo "2959"]
[TimeControl "180+1"]
[EndTime "8:17:08 PDT"]
[Termination "Zohid6 won by checkmate"]

1. Nf3 Nf6 2. g3 d5 3. Bg2 e6 4.
O-O Be7 5. b3 O-O 6. Bb2 c5 7. d3 Nc6 8. Nbd2 Nd7 9. e4 d4 10.
a4 e5 11. Bh3 Nf6 12. Bxc8 Qxc8 13. Kg2 Qe6 14. h3 a6 15. a5 Nd7 16. Nc4 Bd8 17.
Qe2 h6 18. Bc1 b5 19. axb6 Nxb6 20. Nxb6 Bxb6 21. Nd2 a5 22. Nc4 Bc7 23. Bd2 Kh7 24. f4 exf4 25. gxf4 f5 26. e5 Ne7 27. Bxa5 Bxa5 28.
Rxa5 Rxa5 29. Nxa5 Nd5 30. Nc4 Ra8 31. Qf3 Ra2 32.
Rf2 Nb4 33. Re2 Rxc2 34. Rxc2 Nxc2 35. Kf2 Nb4 36. Qb7 Nxd3+ 37. Kf3 Qg6 38. Qd7 Qh5+ 39.
Kg3 Ne1 40. Nd2 Nd3 41. Nc4 Nc1 42. Nd6 Ne2+ 43. Kf2 Nxf4 44. Nxf5 Qe2+ 45. Kg3 Nh5+ 46. Kh4 Qe4+ 47. Kxh5 Qf3+ 48. Kh4 Qf4+ 49. Kh5 Qg5# 0-1

[Event "Early-Titled-Tuesday-Blitz-April-16-2024"]
[Site "Chess.com"]
[Date "2024.04.16"]
[Round "2"]
[White "LoruF"]
[Black "David_George21"]
[Result "1-0"]
[WhiteElo "2534"]
[BlackElo "2319"]
[TimeControl "180+1"]
[EndTime "8:17:08 PDT"]
[Termination "LoruF won by resignation"]

1. b3 d5 2. Bb2 Nd7 3. e3 Ngf6 4.
c4 c6 5. Nf3 g6 6. Be2 Bg7 7.
O-O O-O 8. d4 Ne4 9. Nc3 e6 10.
Rc1 f5 11. cxd5 cxd5 12. Nb5 Ndf6 13. Ba3 Rf7 14. Ne5 a6 15. Nxf7 Kxf7 16. Nc3 Bh6 17.
Nxe4 Nxe4 18. Bd3 Bd7 19. Bxe4 fxe4 20. Qg4 Bb5 21. Rfd1 Bc6 22. Qh3 Qg5 23. Bd6 Bg7 24. Bf4 Qe7 25. Be5 Bxe5 26. dxe5 Kg7 27. f3 exf3 28. Qxf3 Rf8 29. Qg3 Bb5 30. a4 Bc6 31. Rf1 Qb4 32. Rxf8 Qxf8 33. Rf1 Qe7 34. h4 b5 35.
axb5 Bxb5 36. Rf6 Bd3 37. h5 Bf5 38. hxg6 hxg6 39. Qg5 Qc7 40. Qf4 Qc1+ 41. Kh2 Qc8 42. Qb4 Qh8+ 43. Kg1 Qe8 44. Qb7+ Kh6 45. Qxa6 Qb8 46.
Qd6 Qxb3 47. Qf8+ Kg5 48. Qc5 Qd1+ 49. Kf2 Qd2+ 50. Kg3 Qd1 51. Qd4 Qe1+ 52. Kh2 Be4 53. Qb2 Qh4+ 54. Kg1 Qe1+ 55. Rf1 Qg3 56. Qf2 Qg4 57.
Qf6+ Kh5 58. Qh8+ Kg5 59. Qf6+ Kh5 60. Rf2 Qd1+ 61. Kh2 Qg4 62. Qf4 Qxf4+ 63. Rxf4 g5 64. Rf6 Bf5 65. Kg3 g4 66. Kf4 Be4 67. g3 Bf5 68. Rxf5+ exf5 69. Kxf5 1-0

[Event "Early-Titled-Tuesday-Blitz-April-16-2024"]
[Site "Chess.com"]
[Date "2024.04.16"]
[Round "2"]
[White "SpeedofLight0"]
[Black "manitodeplomo"]
[Result "1-0"]
[WhiteElo "3088"]
[BlackElo "2647"]
[TimeControl "180+1"]
[EndTime "8:17:09 PDT"]
[Termination "SpeedofLight0 won on time"]

1. d4 Nf6 2. Nc3 c5 3. dxc5 Qa5 4. Nf3 Qxc5 5. e4 d6 6. Be3 Qa5 7. Qd2 e6 8. Bd3 a6 9. O-O Nbd7 10. Nd4 Be7 11.
Kh1 Qc7 12. f4 b5 13. a3 Bb7 14. Rae1 O-O 15. Rf3 Rac8 16. Rh3 Nc5 17. Bg1 g6 18. Qf2 Nxd3 19. cxd3 Nh5 20. f5 exf5 21. Nxf5 Bf6 22. d4 Kh8 23. Qf3 Rce8 24. Ne3 Bg5 25. Ned5 Qd8 26. Rxh5 gxh5 27. Qxh5 f5 28. e5 dxe5 29. dxe5 Bxd5 30. Rd1 1-0

[Event "Early-Titled-Tuesday-Blitz-April-16-2024"]
[Site "Chess.com"]
[Date "2024.04.16"]
[Round "2"]
[White "Eliwood44"]
[Black "rionelG"]
[Result "1-0"]
[WhiteElo "2484"]
[BlackElo "2200"]
[TimeControl "180+1"]
[EndTime "8:17:09 PDT"]
[Termination "Eliwood44 won on time"]

1. d4 Nf6 2. c4 g6 3. Nc3 Bg7 4. e4 O-O 5. Be2 d6 6. h4 c5 7. d5 e6 8. h5 exd5 9. exd5 Re8 10.
hxg6 hxg6 11. Bh6 Bxh6 12. Rxh6 Kg7 13. Qd2 Rh8 14. Rxh8 Qxh8 15. O-O-O Qh6 16. Nb5 Qxd2+ 17. Kxd2 Ne8 18. Re1 a6 19. Nc3 Nf6 20. Bd3 Nbd7 21. f4 Nf8 22. Nge2 Bd7 23. Ng3 b5 24. Nge4 b4 25.
Nd1 Nxe4+ 26. Bxe4 Re8 27. Nf2 f5 28. Bf3 Rxe1 29.
Kxe1 Kf6 30. Nh3 Nh7 31. g3 g5 32. Bd1 a5 33. Kd2 g4 34. Nf2 Ke7 35. Bc2 Nf6 36.
Ke2 Nh5 37. Nh1 Nf6 38. Ke3 Nh5 39. Kf2 Nf6 40. Kg2 Bc8 41. Nf2 Nh5 42. Nd1 Ng7 43. Ne3 Kf6 44. Ba4 Ke7 45. Kf2 Kf6 46. Nc2 Ke7 47.
Bb5 Bd7 48. Bxd7 Kxd7 49. Ne3 Ke7 50. Ke2 a4 51. Kd3 Kf6 52. Kc2 Nh5 53. Nf1 Ng7 54.
Kb1 Nh5 55. a3 bxa3 56. bxa3 Ke7 57. Kc2 Kf7 58. Kd3 Nf6 59. Ne3 Kg6 60. Nd1 Ne4 61.
Nb2 Nxg3 62. Nxa4 Ne4 63. Nb2 g3 64. Nd1 Kh5 65. Ne3 1-0

[Event "Early-Titled-Tuesday-Blitz-April-16-2024"]
[Site "Chess.com"]
[Date "2024.04.16"]
[Round "2"]
[White "GMSrinath"]
[Black "maximnovik"]
[Result "1-0"]
[WhiteElo "2811"]
[BlackElo "2561"]
[TimeControl "180+1"]
[EndTime "8:17:10 PDT"]
[Termination "GMSrinath won by resignation"]

1. e4 e5 2. Nf3 Nc6 3. Bc4 Nf6 4. d3 Be7 5. O-O O-O 6. Re1 d6 7. a4 Be6 8. a5 Bxc4 9. dxc4 a6 10. Nc3 Qd7 11. Nd5 Nxd5 12. cxd5 Nd8 13. Nd2 f5 14. exf5 Qxf5 15. Ne4 Nf7 16. Ra3 Qd7 17. c4 Nh8 18.
Rh3 Bf6 19. Qh5 g6 20. Qe2 Rf7 21. Bh6 Be7 22. b4 Raf8 23. Bxf8 Rxf8 24. Rf3 Rf5 25. Ng3 Rf7 26. h3 Rxf3 27. Qxf3 Nf7 28. Ne4 Kg7 29. c5 Qb5 30. Qc3 Qa4 31. Rb1 Qa2 32. Rd1 Qa4 33. Qd2 Qa3 34. Rc1 Qb3 35. cxd6 cxd6 36. Kh2 Bf6 37.
Rc7 Qb1 38. Nxd6 1-0

[Event "Early-Titled-Tuesday-Blitz-April-16-2024"]
[Site "Chess.com"]
[Date "2024.04.16"]
[Round "2"]
[White "Gabrielian_Artur"]
[Black "HaryKane"]
[Result "1-0"]
[WhiteElo "2782"]
[BlackElo "2547"]
[TimeControl "180+1"]
[EndTime "8:17:10 PDT"]
[Termination "Gabrielian_Artur won by resignation"]

1. e4 d6 2. Nf3 g6 3. d4 Bg7 4. Nc3 c6 5. Be3 b5 6. Bd3 a5 7. h3 b4 8. Ne2 Ba6 9. O-O Nf6 10. a3 bxa3 11. Rxa3 O-O 12. Qd2 Bxd3 13. cxd3 Nbd7 14. Rfa1 Qb6 15. Rxa5 Rxa5 16. Rxa5 Rb8 17. Ra2 c5 18.
Nc3 Qb3 19. dxc5 Nxc5 20. Nd4 Qb7 21. Ndb5 Nfd7 22. Qc2 Qc6 23. Nd4 Qb7 24. Ndb5 Qc6 25. d4 Na6 26. Qa4 Nc7 27. Nxc7 Qxc7 28. Nd5 Qd8 29.
Bg5 f6 30. Be3 Nb6 31. Qb3 Nxd5 32. Qxd5+ Kh8 33. Ra7 e5 34. Qf7 Qg8 35. Qd7 Rxb2 36. Qxd6 Rb1+ 37. Kh2 exd4 38. Bxd4 Rb8 39. Bxf6 1-0

[Event "Early-Titled-Tuesday-Blitz-April-16-2024"]
[Site "Chess.com"]
[Date "2024.04.16"]
[Round "2"]
[White "littlepinkyboy"]
[Black "semchik73"]
[Result "1-0"]
[WhiteElo "2694"]
[BlackElo "2398"]
[TimeControl "180+1"]
[EndTime "8:17:11 PDT"]
[Termination "littlepinkyboy won by resignation"]

1. e4 Nf6 2. e5 Nd5 3. d4 d6 4. exd6 cxd6 5. Nf3 g6 6. c4 Nb6 7. h3 Bg7 8. Be2 Nc6 9. O-O O-O 10. Nc3 Bf5 11. b3 e5 12. dxe5 dxe5 13. Ba3 Re8 14. Rc1 Qxd1 15. Rfxd1 e4 16. Nh4 Bc8 17. Nb5 Be5 18.
g4 a6 19. Nd6 Rd8 20. Nxe4 Nd4 21. Bf1 g5 22. Be7 Re8 23. Bxg5 Kg7 24. f4 f6 25.
fxe5 fxg5 26. Nxg5 Rxe5 27. Rxd4 Rxg5 28. Re1 h5 29.
Re7+ Kf6 30. Rh7 hxg4 31. Rd6+ Ke5 32. Rxb6 gxh3+ 33. Kh2 Bg4 34. Bxh3 Rf8 35. Bxg4 Rxg4 36. Ng6+ Rxg6 37. Rxg6 Rf2+ 38. Rg2 Rxa2 39. Rh5+ Kd6 40. Rxa2 1-0

[Event "Early-Titled-Tuesday-Blitz-April-16-2024"]
[Site "Chess.com"]
[Date "2024.04.16"]
[Round "2"]
[White "nickmatta"]
[Black "KorolDimitriy75"]
[Result "1-0"]
[WhiteElo "2534"]
[BlackElo "2311"]
[TimeControl "180+1"]
[EndTime "8:17:11 PDT"]
[Termination "nickmatta won on time"]

1. d4 Nf6 2. Bf4 c5 3. d5 Qb6 4.
Nc3 Qxb2 5. Bd2 Qb6 6. e4 d6 7. Rb1 Qd8 8. Nf3 g6 9. Bb5+ Bd7 10. e5 dxe5 11. Nxe5 Bxb5 12. Rxb5 Nbd7 13. Nxd7 Qxd7 14.
Rxc5 Bg7 15. O-O O-O 16. Re1 Rac8 17. Rxc8 Rxc8 18. Qf3 Rd8 19. Be3 Nxd5 20. Nxd5 Qxd5 21.
Bxa7 Qxf3 22. gxf3 Bf6 23. Rb1 Rd7 24. Be3 h5 25. c4 e6 26. Kf1 Kf8 27. Ke2 Ke8 28.
a4 Kd8 29. a5 Kc8 30. Rb5 Bd4 31. Bf4 e5 32. Bd2 Kc7 33. Bb4 Kc6 34. Bf8 f5 35.
Bh6 f4 36. Bf8 Ba7 37. Rxe5 1-0

[Event "Early-Titled-Tuesday-Blitz-April-16-2024"]
[Site "Chess.com"]
[Date "2024.04.16"]
[Round "2"]
[White "Denisenko_Denis"]
[Black "martinmena"]
[Result "0-1"]
[WhiteElo "2444"]
[BlackElo "2153"]
[TimeControl "180+1"]
[EndTime "8:17:11 PDT"]
[Termination "martinmena won by resignation"]

1. d4 d5 2. Bf4 Nf6 3. e3 e6 4. Nf3 Bd6 5. Bg3 b6 6. c3 O-O 7. Nbd2 c5 8. Bd3 Ba6 9. Bxa6 Nxa6 10. Qe2 c4 11. e4 Bxg3 12. hxg3 Nxe4 13. Nxe4 dxe4 14.
Qxe4 h6 15. Ne5 Qd5 16. Qxd5 exd5 17. Kd2 f6 18. Ng6 Rfe8 19. Rae1 Kf7 20. Nf4 Nc7 21. g4 Rad8 22. Rh5 Ne6 23. Nxe6 Rxe6 24. Rxe6 Kxe6 25. f4 Re8 26. Rh3 Kd6 27. Re3 Rxe3 28. Kxe3 g5 29. g3 Ke6 30. Kd2 f5 31. fxg5 hxg5 32. Ke3 fxg4 33. Ke2 Kf5 34. Ke3 b5 35. a3 a5 36. Kf2 Ke4 37. Ke2 a4 0-1

[Event "Early-Titled-Tuesday-Blitz-April-16-2024"]
[Site "Chess.com"]
[Date "2024.04.16"]
[Round "2"]
[White "stepanosinovsky"]
[Black "Kotlyar_K"]
[Result "0-1"]
[WhiteElo "2420"]
[BlackElo "2703"]
[TimeControl "180+1"]
[EndTime "8:17:12 PDT"]
[Termination "Kotlyar_K won on time"]

1. e4 c5 2. Nf3 d6 3. d4 cxd4 4.
Nxd4 Nf6 5. Nc3 g6 6. Be3 Nc6 7. Qd2 h5 8. O-O-O Ng4 9. Nxc6 bxc6 10. Bc5 Qa5 11. Ba3 Bg7 12. Bc4 O-O 13. Rhf1 Ne5 14. Bb3 Ba6 15. Rfe1 Nc4 16. Bxc4 Bxc4 17. Nb1 Qb6 18. b3 Ba6 19. Bb2 e5 20. Nc3 Rfd8 21.
Na4 Qc7 22. Ba3 c5 23. Nc3 Kh7 24. Nd5 Qd7 25. Kb1 Bb7 26. c4 f5 27. f3 Rf8 28.
Nc3 Rad8 29. Bxc5 Qc6 30. Bxd6 Rf6 31. c5 Bh6 0-1

[Event "Early-Titled-Tuesday-Blitz-April-16-2024"]
[Site "Chess.com"]
[Date "2024.04.16"]
[Round "2"]
[White "djano"]
[Black "Ramil_Faizrakhmanov"]
[Result "0-1"]
[WhiteElo "2598"]
[BlackElo "2906"]
[TimeControl "180+1"]
[EndTime "8:17:13 PDT"]
[Termination "Ramil_Faizrakhmanov won by resignation"]

1. e4 c6 2. d4 d5 3. exd5 cxd5 4. Bd3 Nc6 5. c3 Qc7 6. Ne2 Bg4 7. O-O Nf6 8. Qe1 e6 9. Bg5 Be7 10. f3 Bh5 11.
Nf4 Bg6 12. Na3 a6 13. Nc2 Bd6 14. Qh4 O-O-O 15. Ne1 Kb8 16. h3 Ne7 17. Bxf6 gxf6 18. Ne2 f5 19. Rc1 Nc6 20. Kh1 Ka8 21. f4 Nb8 22.
Nf3 Nd7 23. Ne5 Nf6 24. Qxf6 Be7 25. Qg7 Rdg8 26. Qh6 Qd8 27. Bc4 dxc4 28. Nf3 Qd5 29. Rf2 Qe4 30. Re1 Qe3 31. Kg1 Qe4 32. Ng3 Qd5 33. Ne5 f6 34. Nf3 Bf7 35. Qh4 h5 36. Kh2 Rg7 37. Rfe2 Rhg8 38. Nf1 Bd6 39. g3 Qxf3 40.
Re3 Qd5 41. Qxh5 Bxh5 0-1

[Event "Early-Titled-Tuesday-Blitz-April-16-2024"]
[Site "Chess.com"]
[Date "2024.04.16"]
[Round "2"]
[White "bipe137"]
[Black "Chesstiger64"]
[Result "1-0"]
[WhiteElo "2732"]
[BlackElo "2405"]
[TimeControl "180+1"]
[EndTime "8:17:13 PDT"]
[Termination "bipe137 won by resignation"]

1. d4 d6 2. Nf3 Bg4 3. c4 Nd7 4.
Nc3 c6 5. e4 e5 6. Be2 Bxf3 7.
Bxf3 Ngf6 8. O-O Be7 9. Be3 a5 10. d5 c5 11. g3 h6 12. Bg2 g5 13. Kh1 Nf8 14. f4 gxf4 15. gxf4 exf4 16. Bxf4 Ng6 17. Bg3 Nd7 18. Qh5 Nde5 19. Bh3 Bh4 20. Bxe5 Nxe5 21. Be6 Rh7 22. Rg1 Kf8 23. Raf1 Qe7 24. Nb5 Rd8 25.
Rg2 Bg5 26. h4 Kg7 27. Rh2 fxe6 28. hxg5 Rf8 29. gxh6+ Kh8 30. Rhf2 Rg8 31. Rf6 Ng4 32. Rf7 Rxf7 33. Rxf7 Qg5 34. Qxg5 Rxg5 35. Nxd6 exd5 36. cxd5 Nxh6 37. Rxb7 Ng4 38. Nf7+ Kg7 39. Nxg5+ Kg6 40. d6 Kxg5 41. d7 Kf4 42. d8=Q Kg3 43. Qd6+ Kf3 44.
Rf7+ Ke2 45. Qf4 Nf2+ 46. Qxf2+ 1-0

[Event "Early-Titled-Tuesday-Blitz-April-16-2024"]
[Site "Chess.com"]
[Date "2024.04.16"]
[Round "2"]
[White "le-castor-faineant"]
[Black "RojonR"]
[Result "0-1"]
[WhiteElo "2329"]
[BlackElo "2537"]
[TimeControl "180+1"]
[EndTime "8:17:13 PDT"]
[Termination "RojonR won on time"]

1. e4 c5 2. Nf3 Nc6 3. c3 Nf6 4. Bd3 d5 5. exd5 Qxd5 6. Bc2 Bg4 7. d3 Ne5 8. Nbd2 Nxd3+ 9. Bxd3 Qxd3 10. Qa4+ b5 11.
Qf4 O-O-O 12. Qe3 Bxf3 13. Qxf3 Qxf3 14. Nxf3 Ne4 15. Be3 f6 16. O-O e5 17. a4 b4 18.
cxb4 cxb4 19. Bxa7 Kb7 20. Be3 Bc5 21. Bxc5 Nxc5 22.
a5 e4 23. Nh4 Rd5 24. g4 h5 25.
Ng6 Rh6 26. Ne7 Re5 27. Nf5 Rg6 28.
Ne3 f5 29. Rfd1 f4 30. Nc4 Rxg4+ 31. Kf1 Re6 32. a6+ Rxa6 33. Rxa6 Kxa6 34. Rd5 Kb5 35. Ne5 Rg5 0-1

[Event "Early-Titled-Tuesday-Blitz-April-16-2024"]
[Site "Chess.com"]
[Date "2024.04.16"]
[Round "2"]
[White "IshviAggarwal"]
[Black "Road2GM3000"]
[Result "0-1"]
[WhiteElo "2136"]
[BlackElo "2460"]
[TimeControl "180+1"]
[EndTime "8:17:13 PDT"]
[Termination "Road2GM3000 won on time"]

1. d4 d5 2. c4 c6 3. Nf3 Nf6 4.
g3 Bf5 5. Bg2 e6 6. O-O Nbd7 7.
Nc3 Be7 8. Nh4 Bg6 9. Nxg6 hxg6 10. e4 dxe4 11. Nxe4 Qa5 12. Be3 Nxe4 13. Bxe4 O-O-O 14. a3 Nb6 15. b4 Qh5 16. Qxh5 Rxh5 17. Rac1 Bf6 18. Rfd1 Kb8 19. Bf3 Rhh8 20. h4 Be7 21. Kg2 Rd7 22. d5 cxd5 23. Bxb6 axb6 24. cxd5 e5 25. Be2 f5 26. Bb5 Rc7 27. Ba4 Bd6 28. Bb3 Re7 29. Rc2 e4 30. Rdc1 Rd8 31. Rc3 Be5 32. R3c2 Bd4 33. Rd2 Bf6 34. Re1 Red7 35. Rc2 g5 36. Rec1 gxh4 37. gxh4 Bxh4 38. Kh3 g5 39. a4 Rh7 40. Kg2 f4 41. a5 bxa5 42. bxa5 f3+ 43. Kf1 g4 0-1